 Dungeon Crawl Stone Soup version 0.28.0-45-g0d030f2227 (webtiles) character file.

Game seed: 1156011594336765575

1673 psko the Thaumaturge (level 8, 0/37 HPs)
             Began as a Spriggan Conjurer on Apr 24, 2022.
             Killed from afar by an electric eel (8 damage)
             ... with a bolt of electricity
             ... on level 6 of the Dungeon.
             The game lasted 00:48:48 (9004 turns).

psko the Thaumaturge (Spriggan Conjurer)            Turns: 9004, Time: 00:48:49

Health: 0/37       AC:  9    Str:  5    XL:     8   Next: 70%
Magic:  0/21       EV: 18    Int: 19    God:
Gold:   290        SH:  0    Dex: 14    Spells: 8/23 levels left

rFire   + . .      SeeInvis +   o - +2 short sword (protect)
rCold   x . .      Faith    .   (no shield)
rNeg    . . .      Spirit   +   a - +0 robe
rPois   .          Reflect  .   (helmet restricted)
rElec   .          Harm     .   (no cloak)
rCorr   .          Rampage  .   (gloves unavailable)
Will    +....                   (boots unavailable)
Stlth   ++........              i - amulet of guardian spirit
HPRegen 0.12/turn               h - ring of see invisible
MPRegen 0.17/turn               n - ring of fire

@: under a protective aura, slow
A: very small, no large weapons, unfitting armour, see invisible, speed 3
a: no special abilities


You were on level 6 of the Dungeon.
You visited 1 branch of the dungeon, and saw 6 of its levels.

You collected 290 gold pieces.

Inventory:

Hand Weapons
 o - a +2 short sword of protection (weapon)
 p - a +1 vorpal trident
 x - a +1 short sword of protection
Armour
 a - a +0 robe (worn)
 w - a +1 helmet
Magical Staves
 y - a staff of death
Jewellery
 h - a ring of see invisible (left hand)
 i - an amulet of guardian spirit (around neck)
 n - a ring of fire (right hand)
 z - an amulet of faith
Wands
 t - a wand of paralysis (13)
 A - a wand of flame (27)
Scrolls
 d - 2 scrolls of enchant weapon
 f - 2 scrolls of teleportation
 g - 4 scrolls of fear
 k - a scroll of immolation
 l - 2 scrolls of blinking
 v - a scroll of enchant armour {unknown}
Potions
 b - a potion of mutation {unknown}
 c - a potion of heal wounds
 e - a potion of magic {unknown}
 j - a potion of degeneration {unknown}
 m - 2 potions of brilliance
 q - 2 potions of attraction {unknown}
 r - 5 potions of curing
 s - 2 potions of lignification {unknown}
 u - 2 potions of ambrosia {unknown}


   Skills:
 + Level 1.0 Fighting
 + Level 2.1 Short Blades
 + Level 4.5 Dodging
 + Level 4.8 Stealth
 + Level 8.4 Spellcasting
 + Level 6.5 Conjurations


You had 8 spell levels left.
You knew the following spells:

 Your Spells              Type           Power      Damage    Failure   Level
a - Magic Dart            Conj           100%       1d8       1%          1
b - Searing Ray           Conj           64%        2d6       1%          2
c - Animate Skeleton      Necr           16%        N/A       9%          1
d - Dazzling Flash        Conj/Hex       40%        N/A       7%          3
e - Freeze                Ice            32%        1d5       9%          1
f - Frozen Ramparts       Ice            16%        1d3       26%         3
g - Fulminant Prism       Conj/Hex       10%        3d9       22%         4

Your spell library contained the following spells:

 Spells                   Type           Power      Damage    Failure   Level
 Pain                     Necr           32%        1d5       9%          1
 Hailstorm                Conj/Ice       20%        3d6       22%         4
 Iskenderun's Mystic Bla  Conj/Tloc      20%        2d6       22%         4
 Vampiric Draining        Necr           8%         2d6       26%         3
 Leda's Liquefaction      Hex/Erth       4%         N/A       65%         4
 Lee's Rapid Deconstruct  Erth           4%         3d6*      94%         5
 Statue Form              Tmut/Erth      5%         N/A       100%        6
 Malign Gateway           Summ/Tloc      4%         N/A       100%        7
 Summon Horrible Things   Summ           4%         N/A       100%        8


Dungeon Overview and Level Annotations

Branches:
Dungeon (6/15)
 Temple: D:4-7

Altars:
Hepliaklqana
Makhleb
Okawaru
Xom

Annotations:
D:6 1 transporter


Innate Abilities, Weirdness & Mutations

You are very small and have problems with some larger weapons.
You are too small for most types of armour.
You have supernaturally acute eyesight. (SInv)
You cover ground extremely quickly. (Speed+++)


Message History

Press: ? - help, Shift-Dir - straight line, f/p - electric eel
Aim: an electric eel (heavily wounded, 68% to hit)
The searing ray hits the electric eel.
The electric eel is severely wounded. (Press . to maintain the ray.)
The electric eel shoots out a bolt of lightning at you!
The bolt of electricity hits you!
The searing ray misses the electric eel.
The electric eel shoots out a bolt of lightning at you!
The bolt of electricity misses you.
The searing ray misses the electric eel.
The electric eel shoots out a bolt of lightning at you!
The bolt of electricity hits you!
The electric eel shoots out a bolt of lightning at you!
The bolt of electricity hits you.
The electric eel shoots out a bolt of lightning at you!
The bolt of electricity misses you.
You feel much better.
Sorry, you're not good enough to have a special ability.
You hit the electric eel.
Your weapon exudes an aura of protection.
The electric eel is moderately wounded.
The electric eel shoots out a bolt of lightning at you!
The bolt of electricity hits you!
The electric eel shoots out a bolt of lightning at you!
The bolt of electricity hits you!
The electric eel shoots out a bolt of lightning at you!
The bolt of electricity misses you. x2
The bolt of electricity misses the electric eel.
The bolt of electricity hits the plant!
The plant begins to die.
The electric eel shoots out a bolt of lightning at you!
The bolt of electricity hits you! The bolt of electricity misses you.
You enter the shallow water.
Moving in this stuff is going to be slow.
The electric eel shoots out a bolt of lightning at you!
The bolt of electricity hits the electric eel.
The electric eel completely resists.
The bolt of electricity hits you!
* * * LOW HITPOINT WARNING * * *
The bolt of electricity hits you!
You die...

...### #.##≈≈^.. .....########
#.>###..♣ ##.#........# #...###⌠#
##.#........# #....##.#
.#.#........#############....##.#
.#.#.##.................#....##..
.#.#.##.###############.#........
##.#.##.#8P#≈≈≈≈≈≈≈#P8#.#....##..
#......#..#≈≈≈≈@..#..#...#####..
####..©#©$+P≈≈♣S..'.©#©..# #..
##..#..#≈≈≈PS..#..#..## #..
##.#8P#≈≈≈≈≈S≈#≈8#.## #..
#.###############.# #..
#.......).........# ###
###################


You could see 3 electric eels.

Vanquished Creatures
  A troll (D:6)
  Eustachio (D:6)
  A water moccasin (D:6)
  An ice beast (D:5)
  An ogre (D:4)
  2 centaurs
  A phantom (D:5)
  A kobold brigand (D:6)
  4 scorpions
  A centaur zombie (D:6)
  An orc priest (D:5)
  A centaur skeleton (D:6)
  5 hounds
  An iguana (D:4)
  7 adders
  4 gnolls
  An ufetubus (D:5)
  2 adder skeletons (D:4)
  5 worms
  3 dart slugs
  16 orcs
  9 ball pythons
  3 bats
  5 endoplasms
  4 giant cockroaches
  6 goblins
  6 hobgoblins
  3 quokkas
  A ball python skeleton (D:3)
  2 frilled lizards
  14 kobolds
  8 rats
121 creatures vanquished.

Vanquished Creatures (others)
  A plant (D:6)
1 creature vanquished.

Grand Total: 122 creatures vanquished

Notes
Turn   | Place    | Note
-------+----------+-------------------------------------------
     0 | D:1      | psko the Spriggan Conjurer began the quest for the Orb.
     0 | D:1      | Reached XP level 1. HP: 9/9 MP: 5/5
   504 | D:1      | Reached XP level 2. HP: 13/13 MP: 3/6
   507 | D:1      | Learned a level 2 spell: Searing Ray
  1033 | D:1      | Reached skill level 3 in Spellcasting
  1356 | D:2      | Found a faded altar of an unknown god.
  1488 | D:2      | Reached XP level 3. HP: 2/16 MP: 0/8
  2222 | D:2      | Reached XP level 4. HP: 21/21 MP: 0/10
  2620 | D:2      | Learned a level 1 spell: Animate Skeleton
  4076 | D:3      | Found an iron altar of Okawaru.
  4331 | D:4      | Reached skill level 4 in Spellcasting
  4331 | D:4      | Reached XP level 5. HP: 16/24 MP: 1/12
  4443 | D:4      | Learned a level 3 spell: Dazzling Flash
  4952 | D:4      | Learned a level 1 spell: Freeze
  4956 | D:4      | Learned a level 3 spell: Frozen Ramparts
  5039 | D:4      | Found a hazy altar of Hepliaklqana.
  5455 | D:5      | Entered Level 5 of the Dungeon
  5902 | D:5      | Reached skill level 5 in Spellcasting
  5902 | D:5      | Reached XP level 6. HP: 26/28 MP: 6/14
  6229 | D:5      | Found a burning altar of Makhleb.
  6281 | D:5      | Noticed an ice beast
  6305 | D:5      | Killed an ice beast
  6494 | D:5      | Reached skill level 6 in Spellcasting
  6494 | D:5      | Reached XP level 7. HP: 24/32 MP: 4/17
  6601 | D:5      | Reached skill level 1 in Short Blades
  6601 | D:5      | Reached skill level 5 in Conjurations
  7453 | D:6      | Reached skill level 7 in Spellcasting
  7553 | D:6      | Found a shimmering altar of Xom.
  7553 | D:6      | Found a shimmering altar of Xom.
  7553 | D:6      | Noticed a troll
  7554 | D:6      | Found a shimmering altar of Xom.
  7554 | D:6      | Found a shimmering altar of Xom.
  7555 | D:6      | Found a shimmering altar of Xom.
  7600 | D:6      | Reached XP level 8. HP: 37/37 MP: 5/19
  7777 | D:6      | Killed a troll
  7937 | D:6      | Found a transporter.
  7959 | D:6      | Found a transporter.
  7971 | D:6      | Noticed Eustachio
  7980 | D:6      | Killed Eustachio
  7981 | D:6      | Reached skill level 8 in Spellcasting
  8066 | D:6      | Reached skill level 1 in Fighting
  8793 | D:6      | Learned a level 4 spell: Fulminant Prism
  9004 | D:6      | Killed from afar by an electric eel

Illustrated notes

Levels and vault maps discovered:
D:1:      lightli_arrival_isolated_outpost, layout_basic
D:2:      layout_basic, basic_ecumenical_altar
D:3:      layout_basic, kennysheep_okawaru_gauntlet, minmay_checkerbox
D:4:      layout_loops_ring, mainiacjoe_overflow_small_starburst
D:5:      layout_cave_pools, overflow_temple_1_default, lemuel_old_faithful
D:6:      gammafunk_steamed_eel, layout_basic, xom_redecorated, uniq_eustachio

Skill      XL: |  1  2  3  4  5  6  7  8 |
---------------+-------------------------+-----
Conjurations   | 3 4 5 6 |  6.5
Spellcasting   | 3 4 5 6 7 8 |  8.4
Dodging        | 3 4 |  4.5
Stealth        | 4 |  4.8
Short Blades   | 1 2 |  2.1
Fighting       | 1 |  1.0

Action                   |  1- 3 |  4- 6 |  7- 9 || total
-------------------------+-------+-------+-------++-------
Melee: Short sword       |    18 |    23 |     3 ||    44
       Punch             |       |       |     1 ||     1
 Cast: Magic Dart        |    56 |   117 |    16 ||   189
       Searing Ray       |    21 |    68 |    77 ||   166
  Use: Scroll            |     2 |     2 |     4 ||     8
       Potion            |       |       |     2 ||     2
Armor: Robe              |     8 |    10 |     4 ||    22
Dodge: Dodged            |    25 |    53 |    41 ||   119
